 Dungeon Crawl Stone Soup version 0.19-a0-1457-g32fba05 (webtiles) character file.

118 shnurlf the Insei (level 4, -2/35 HPs)
             Began as a Mummy Monk on Sept 6, 2016.
             Killed from afar by an orc wizard (11 damage)
             ... with a magic dart
             ... on level 3 of the Dungeon.
             The game lasted 00:08:11 (4108 turns).

shnurlf the Insei (Mummy Monk)                      Turns: 4108, Time: 00:08:12

Health: -2/35      AC:  0    Str: 14    XL:     4   Next: 72%
Magic:  4/4        EV: 13    Int:  9    God:
Gold:   88         SH:  0    Dex: 15    Spells: 0 memorised, 3 levels left

rFire  x . .     SeeInvis .       - Unarmed
rCold  + . .     Gourm    .     (no armour)
rNeg   + + +     Faith    .     (no shield)
rPois  ∞         Spirit   .     (no helmet)
rElec  .         Dismiss  .     (no cloak)
rCorr  .         Reflect  .     (no gloves)
MR     .....     Harm     .     (no boots)
Stlth  ++........               (no amulet)
                                (no ring)
                                (no ring)

@: no status effects
A: no food or potions, fire vulnerability, cold resistance 1, negative energy
resistance 3, torment resistance, unbreathing
a: no special abilities


You were on level 3 of the Dungeon.
You were not hungry.

You visited 1 branch of the dungeon, and saw 4 of its levels.

You collected 88 gold pieces.

Inventory:

Scrolls
 a - a scroll of fear
 e - a scroll of teleportation
 f - a scroll of enchant weapon {unknown}
 g - a scroll of recharging {unknown}
 h - a scroll of remove curse {unknown}
 i - a scroll of identify {unknown}


   Skills:
 + Level 3.5 Fighting
 + Level 3.0 Dodging
 - Level 1.5 Stealth
 * Level 3.8 Unarmed Combat


You had 3 spell levels left.
You didn't know any spells.

Dungeon Overview and Level Annotations

Branches:
Dungeon (4/15)
 Temple: D:4-7

Altars:
Cheibriados
Gozag
Ru
Trog
Vehumet
Yredelemnul
Zin

Annotations:
D:3 stickyfingers's ghost, amateur HOMo
D:4 exclusion: orc


Innate Abilities, Weirdness & Mutations

You do not eat or drink.
Your flesh is vulnerable to fire.
You are immune to poison.
Your flesh is cold resistant. (rC+)
You are immune to negative energy. (rN+++)
You are immune to unholy pain and torment.
You can survive without breathing.


Message History

You hit the orc wizard but do no damage.
The orc wizard points at you and mumbles some strange words.
The magic dart hits you!
You closely miss the orc wizard. The orc wizard hits you with a dagger.
You closely miss the orc wizard. The orc wizard hits you with a dagger.
* * * LOW HITPOINT WARNING * * *
A goblin comes into view. It is wielding a dagger.
The goblin shouts!
You hit the orc wizard.
The orc wizard is lightly wounded.
The orc wizard hits you with a dagger.
* * * LOW HITPOINT WARNING * * *
You hit the orc wizard but do no damage.
The orc wizard is lightly wounded.
The orc wizard closely misses you.
You barely miss the orc wizard.
The orc wizard is lightly wounded.
The orc wizard casts a spell at you. The magic dart hits you!
You die...

####....# #.# ##.......# #
#.#.## #.# #<.......# #
#.#.####.# #........# #
#.#......# #######.##...### #
#.#####..####...........[....#
# #.# #.................####.#
#.# #!#####g####..###.####.#
#. #.# #o# #..# #.##...# #.#
#@# #..# #.##...# #.# #.#
#..###.##...# #.# #.#
#..##...##.#
#.#####.####.......)..##
#........<...###...##...
#######.###### ##(###.## #.#
#######.##...# #.#
#.......#..... #.#
#.######......


You could see an orc wizard and a goblin.

Vanquished Creatures
  A gnoll (D:3)
  4 adders
  An ooze (D:1)
  2 worms
  A dart slug (D:2)
  A giant gecko (D:3)
  3 orcs (D:3)
  2 ball pythons
  6 bats
  7 giant cockroaches
  6 goblins
  5 hobgoblins
  A quokka (D:3)
  5 giant newts
  4 kobolds
  7 rats
56 creatures vanquished.

Notes
Turn   | Place    | Note
-------+----------+-------------------------------------------
     0 | D:1      | shnurlf the Mummy Monk began the quest for the Orb.
     0 | D:1      | Reached XP level 1. HP: 18/18 MP: 1/1
   460 | D:2      | Reached XP level 2. HP: 22/24 MP: 2/2
  1213 | D:1      | Reached XP level 3. HP: 24/29 MP: 3/3
  2142 | D:2      | Found a bloodstained altar of Trog.
  2502 | D:3      | Reached XP level 4. HP: 23/35 MP: 4/4
  2738 | D:3      | Noticed stickyfingers's ghost (amateur HOMo)
  3553 | D:3      | Found a snail-covered altar of Cheibriados.
  3553 | D:3      | Found a glowing silver altar of Zin.
  3553 | D:3      | Found a radiant altar of Vehumet.
  3553 | D:3      | Found a basalt altar of Yredelemnul.
  3561 | D:3      | Found a sacrificial altar of Ru.
  3565 | D:3      | Found an opulent altar of Gozag.
  4108 | D:3      | Killed from afar by an orc wizard

Vault maps used:
D:1:      eino_arrival_cavern_c
D:2:      serial_bayou_ford_a, trog_three_pillars_becter
D:3:      minmay_overflow_temple_hex, first_bread
D:4:      portal_sewer_entry_d, minmay_misc_feat_rows, uniq_grinder

Skill      XL: |  1  2  3  4 |
---------------+-------------+-----
Unarmed Combat | 3 |  3.8
Dodging        | 3 |  3.0
Fighting       | |  3.5
Stealth        | |  1.5

Action                   |  1- 3 |  4- 6 || total
-------------------------+-------+-------++-------
Melee: Unarmed           |   174 |    84 ||   258
       Punch             |     2 |     3 ||     5
  Use: Scroll            |       |     5 ||     5
 Stab: Sleeping          |     4 |     1 ||     5
       Distracted        |     1 |       ||     1
Dodge: Dodged            |   101 |    72 ||   173
